 Dungeon Crawl Stone Soup version 0.29-a0-284-gf9362112df (webtiles) character file.

Game seed: 511687150885310530

8489 avis the Fighter (level 11, 0/104 HPs)
             Began as a Hill Orc Monk on Mar 20, 2022.
             Was a Priest of Beogh.
             Slain by a demonic crawler simulacrum (7 damage)
             ... in an ice cave on Mar 21, 2022.
             The game lasted 01:28:52 (15131 turns).

avis the Fighter (Hill Orc Monk)                   Turns: 15131, Time: 01:28:52

Health: 0/104      AC: 10    Str: 17    XL:     11   Next: 31%
Magic:  14/23      EV: 13    Int: 12    God:    Beogh [***...]
Gold:   131        SH:  0    Dex: 17    Spells: 2/14 levels left

rFire   + . .      SeeInvis +     - Unarmed
rCold   . . .      Faith    .   (no shield)
rNeg    . . .      Spirit   .   P - +0 robe of the Thistle {rF+ Dex+4 Slay+2}
rPois   .          Reflect  .   (no helmet)
rElec   .          Harm     .   c - +0 cloak
rCorr   .          Rampage  +   (no gloves)
Will    .....                   b - +0 pair of boots {rampage}
Stlth   ++........              (no amulet)
HPRegen 0.27/turn               q - ring of see invisible
MPRegen 0.18/turn               z - ring of magical power

@: ice-armoured, very slightly contaminated
A: no striking features
a: Renounce Religion, Smiting


You were in an ice cave.
You worshipped Beogh.
Beogh was most pleased with you.
You visited 3 branches of the dungeon, and saw 10 of its levels.
You also visited: Ice Cave.

You collected 560 gold pieces.
You spent 429 gold pieces at shops.

Inventory:

Hand Weapons
 h - a +0 shortbow
 k - a +0 trident
 u - a +2 short sword
 x - a +4 great sword of freezing
 C - a +0 shortbow
 D - a +2 vampiric long sword
Missiles
 a - 6 poisoned darts
 n - 6 curare-tipped darts
 v - 3 throwing nets (quivered)
Armour
 b - a +0 pair of boots of rampaging (worn)
 c - a +0 cloak (worn)
 p - a +0 pair of boots
 K - a +3 leather armour of cold resistance
 P - the +0 robe of the Thistle (worn) {rF+ Dex+4 Slay+2}
   (You found it on level 5 of the Dungeon)

   Dex:       It affects your dexterity (+4).
   Slay:      It affects your accuracy & damage with ranged weapons and melee
   (+2).
   rF:        It protects you from fire.
Jewellery
 q - a ring of see invisible (left hand)
 z - a ring of magical power (right hand)
Wands
 G - a wand of paralysis (21)
Scrolls
 f - a scroll of brand weapon {unknown}
 g - a scroll of holy word {unknown}
 i - 5 scrolls of teleportation
 j - 3 scrolls of enchant weapon
 l - a scroll of magic mapping
 s - a scroll of enchant armour {unknown}
 t - 3 scrolls of noise
 w - 2 scrolls of vulnerability {unknown}
 A - a scroll of immolation {unknown}
 B - 2 scrolls of fear {unknown}
 F - a scroll of blinking {unknown}
 J - a scroll of summoning {unknown}
 T - a scroll of amnesia {unknown}
Potions
 e - a potion of berserk rage
 m - 2 potions of resistance
 o - 3 potions of lignification
 r - a potion of might
 y - a potion of ambrosia
 H - a potion of brilliance
 I - a potion of attraction
Miscellaneous
 E - a condenser vane


   Skills:
 - Level 12.0 Fighting
 - Level 5.0 Armour
 + Level 2.8 Dodging
 - Level 1.5 Stealth
 * Level 11.3 Unarmed Combat
 - Level 2.0 Spellcasting
 - Level 4.0 Translocations
 - Level 1.0 Transmutations
 - Level 5.0 Ice Magic
 - Level 5.0 Invocations


You had 2 spell levels left.
You knew the following spells:

 Your Spells              Type           Power      Damage    Failure   Level
b - Blink                 Tloc           20%        N/A       8%          2
e - Wereblood             Tmut           3%         N/A       26%         2
o - Ozocubu's Armour      Ice            13%        N/A       11%         3
M - Manifold Assault      Tloc           10%        N/A       82%         5

Your spell library contained the following spells:

 Spells                   Type           Power      Damage    Failure   Level
 Sting                    Tmut/Pois      8%         1d3       22%         1
 Poisonous Vapours        Pois/Air       2%         N/A       38%         2
 Sublimation of Blood     Necr           1%         N/A       38%         2
 Lesser Beckoning         Tloc           10%        N/A       16%         3
 Olgreb's Toxic Radiance  Pois           1%         N/A       95%         4
 Freezing Cloud           Conj/Ice/Air   2%         6-21      98%         5
 Simulacrum               Ice/Necr       3%         N/A       100%        6
 Ozocubu's Refrigeration  Ice            6%         4d6       100%        7
 Summon Hydra             Summ           0%         N/A       100%        7
 Polar Vortex             Ice            6%         N/A       100%        9


Dungeon Overview and Level Annotations

Branches:
Dungeon (8/15)             Temple (1/1) D:7            Lair (1/6) D:8
  IceCv (1/1)

Altars:
Fedhas
Kikubaaqudgha
Nemelex Xobeh
Ru
Sif Muna
Trog
Yredelemnul
The Shining One

Shops:
D:3 ==[(:   D:8 ****?

Annotations:
D:6 1 runed translucent door, Xenoroth's ghost, novice SpVM


Message History

The basilisk moves out of view.
There is a frozen archway here.
The world spins around you as you enter the gateway.
You enter an ice cave!
Found an ice covered gate leading back out of this place.
There is an ice choked empty arch of ancient stone here.
You rampage towards the demonic crawler simulacrum!
Casting: Ozocubu's Armour (dangerous; 11% risk of failure)
Confirm with . or Enter, or press ? or * to list all spells.
You miscast Ozocubu's Armour.
You are very lightly contaminated with residual magic.
Nothing appears to happen.
You hit the demonic crawler simulacrum but do no damage.
You punch the demonic crawler simulacrum, but do no damage.
The demonic crawler simulacrum hits you.
The demonic crawler simulacrum freezes you!
The demonic crawler simulacrum barely misses you.
The demonic crawler simulacrum hits you!
The demonic crawler simulacrum freezes you!!
Casting: Ozocubu's Armour (dangerous; 11% risk of failure)
Confirm with . or Enter, or press ? or * to list all spells.
You miscast Ozocubu's Armour.
Nothing appears to happen.
The demonic crawler simulacrum hits you but does no damage.
The demonic crawler simulacrum closely misses you.
The demonic crawler simulacrum hits you.
The demonic crawler simulacrum freezes you!
Casting: Ozocubu's Armour (dangerous; 11% risk of failure)
Confirm with . or Enter, or press ? or * to list all spells.
A film of ice covers your body!
The demonic crawler simulacrum barely misses you.
The demonic crawler simulacrum hits you.
The demonic crawler simulacrum freezes you!!
* * * LOW HITPOINT WARNING * * *
The demonic crawler simulacrum hits you.
* * * LOW HITPOINT WARNING * * *
The demonic crawler simulacrum freezes you!!
* * * LOW HITPOINT WARNING * * *
You hit the demonic crawler simulacrum but do no damage.
The demonic crawler simulacrum hits you!
You die...

# ### .#
##.## .#
#...##..#
#∩∩.@Z..#
#...##..#
##.## .#
### .# #


You could see a demonic crawler simulacrum.

Vanquished Creatures
  A hydra (D:8)
  A boulder beetle (D:8)
  A tengu warrior (D:8)
  A skeletal warrior (D:8)
  Pikel (D:7)
  A cyclops (D:8)
  Maggie (D:7)
  7 yaks (D:8)
  A wyvern (D:7)
  A water moccasin (D:6)
  Duvessa (D:5)
  3 black bears
  An ice beast (D:6)
  3 orc warriors
  5 sky beasts
  2 ogres
  A centaur (D:8)
  A kobold brigand (D:7)
  2 phantoms
  3 bullfrogs
  4 necrophages
  2 scorpions
  8 wights
  Dowan (D:5)
  A howler monkey (D:7)
  8 electric eels (D:8)
  4 hounds
  2 gnoll shamans
  2 jellies
  Crazy Yiuf (D:7)
  3 orc priests
  An iguana (D:5)
  3 orc wizards
  13 gnolls
  6 adders
  3 white imps
  2 ufetubi
  5 worms
  4 dart slugs
  24 orcs
  5 bats (D:1)
  5 endoplasms
  A giant cockroach (D:1)
  8 goblins
  9 hobgoblins
  3 jackals (D:1)
  3 quokkas
  3 ball pythons
  5 frilled lizards
  15 kobolds
  10 rats
  A spectral orc (D:4)
203 creatures vanquished.

Vanquished Creatures (collateral kills)
  An ice beast (D:7)
  A centaur (D:8)
  An elephant simulacrum (Lair:1)
  A wolf simulacrum (Lair:1)
  A bush (D:8)
5 creatures vanquished.

Vanquished Creatures (others)
  A human (D:5)
  4 orcs
  15 plants (D:8)
20 creatures vanquished.

Grand Total: 228 creatures vanquished

Notes
Turn   | Place    | Note
-------+----------+-------------------------------------------
     0 | D:1      | avis the Hill Orc Monk began the quest for the Orb.
     0 | D:1      | Reached XP level 1. HP: 19/19 MP: 1/1
   135 | D:1      | Reached skill level 4 in Fighting
   226 | D:1      | Found a faded altar of an unknown god.
   274 | D:1      | Reached XP level 2. HP: 26/27 MP: 2/2
   688 | D:1      | Reached XP level 3. HP: 31/33 MP: 3/3
  1391 | D:2      | Noticed a phantom
  1407 | D:2      | Killed a phantom
  1408 | D:2      | Reached skill level 5 in Unarmed Combat
  1408 | D:2      | Reached skill level 5 in Fighting
  1408 | D:2      | Reached XP level 4. HP: 23/42 MP: 4/4
  1658 | D:2      | Reached XP level 5. HP: 35/48 MP: 5/5
  2213 | D:3      | Found Poleraj's Antique Weapon Emporium.
  2435 | D:3      | Found Sab Koni's Book Shoppe.
  2512 | D:3      | Noticed a phantom
  2512 | D:3      | Found Oloiczyr's Jewellery Shoppe.
  2530 | D:3      | Killed a phantom
  2531 | D:3      | Reached skill level 6 in Fighting
  2531 | D:3      | Reached XP level 6. HP: 41/57 MP: 6/6
  2708 | D:3      | Found Fuliexyesch's Antique Armour Emporium.
  2769 | D:3      | Found Iber's Jewellery Emporium.
  3673 | D:4      | Became a worshipper of Beogh the Brigand
  3673 | D:4      | Reached * piety under Beogh
  3673 | D:4      | Reached ** piety under Beogh
  3698 | D:4      | Noticed a black bear
  3708 | D:4      | Killed a black bear
  3709 | D:4      | Reached skill level 1 in Invocations
  4050 | D:4      | Reached XP level 7. HP: 63/63 MP: 7/9
  4114 | D:4      | Found a basalt altar of Yredelemnul.
  4667 | D:5      | Entered Level 5 of the Dungeon
  5318 | D:5      | Reached skill level 7 in Fighting
  5401 | D:5      | Noticed Dowan
  5407 | D:5      | Found an ancient bone altar of Kikubaaqudgha.
  5677 | D:5      | Found a glowing golden altar of the Shining One.
  5926 | D:5      | Noticed Duvessa
  5941 | D:5      | Killed Duvessa
  5942 | D:5      | Reached XP level 8. HP: 17/74 MP: 11/11
  6274 | D:5      | Reached skill level 8 in Fighting
  6274 | D:5      | Reached skill level 5 in Invocations
  6343 | D:5      | Killed Dowan
  6698 | D:3      | Bought Ozocubu's Autobiography for 264 gold pieces
  6702 | D:3      | Learned a level 3 spell: Ozocubu's Armour
  6847 | D:5      | Reached skill level 1 in Spellcasting
  6857 | D:5      | Found a sacrificial altar of Ru.
  6860 | D:5      | Identified the +0 robe of the Thistle {rF+ Dex+4 Slay+2}
  6911 | D:5      | Found a bloodstained altar of Trog.
  7144 | D:5      | Reached skill level 1 in Ice Magic
  8459 | D:6      | Found a runed translucent door.
  8460 | D:6      | Noticed Xenoroth's ghost (novice SpVM)
  8510 | D:6      | Reached XP level 9. HP: 56/81 MP: 6/12
  8984 | D:7      | Noticed Maggie
  8994 | D:7      | Killed Maggie
  8997 | D:7      | Reached skill level 9 in Fighting
  9092 | D:7      | Reached *** piety under Beogh
  9399 | D:7      | Identified the +7 long sword of Surumaut {vorpal, Will+
                  | SInv}
  9594 | D:7      | Reached skill level 10 in Fighting
  9907 | D:7      | Found a blossoming altar of Fedhas.
  9911 | D:7      | Found a sparkling altar of Nemelex Xobeh.
 10201 | D:7      | Found a staircase to the Ecumenical Temple.
 10206 | Temple   | Entered the Ecumenical Temple
 10228 | D:7      | Noticed Pikel
 10247 | D:7      | Killed Pikel
 10248 | D:7      | Reached skill level 10 in Unarmed Combat
 10248 | D:7      | Reached XP level 10. HP: 48/93 MP: 13/13
 10481 | D:7      | Found a shimmering blue altar of Sif Muna.
 10958 | D:7      | Found a runed translucent door.
 10959 | D:7      | Noticed Crazy Yiuf
 10965 | D:7      | Killed Crazy Yiuf
 11242 | D:8      | Found Yfotuun's Magic Scroll Shoppe.
 11329 | D:3      | Bought a pair of embroidered boots for 165 gold pieces
 11785 | D:8      | Reached skill level 5 in Ice Magic
 12357 | D:8      | Found a staircase to the Lair.
 12366 | D:8      | Learned a level 2 spell: Blink
 12474 | D:8      | Reached skill level 1 in Armour
 12487 | D:8      | Reached skill level 11 in Fighting
 12502 | D:8      | Reached **** piety under Beogh
 12843 | D:8      | Noticed a skeletal warrior
 12870 | D:8      | Killed a skeletal warrior
 13144 | D:8      | Noticed a cyclops
 13155 | D:8      | Killed a cyclops
 13156 | D:8      | Reached skill level 12 in Fighting
 13341 | D:8      | Learned a level 2 spell: Wereblood
 13384 | D:8      | Reached skill level 1 in Translocations
 13387 | D:8      | Reached skill level 5 in Armour
 13415 | D:8      | Reached XP level 11. HP: 86/104 MP: 14/14
 13622 | D:8      | Found Noir's Assorted Antiques.
 13624 | D:8      | Found Baimum's General Store.
 13625 | D:8      | Found Baseutuy's General Store.
 13631 | D:8      | Found Jeblual's Assorted Antiques.
 13645 | D:8      | Learned a level 5 spell: Manifold Assault
 13659 | D:8      | Noticed a boulder beetle
 13695 | D:8      | Killed a boulder beetle
 14137 | D:8      | Noticed a four-headed hydra
 14150 | D:8      | Killed a four-headed hydra
 14151 | D:8      | Reached skill level 1 in Transmutations
 14678 | D:8      | Noticed a tengu warrior
 14687 | D:8      | HP: 2/104 [tengu warrior/+0 great sword (11)]
 14688 | D:8      | Killed a tengu warrior
 15110 | Lair:1   | Entered Level 1 of the Lair of Beasts
 15110 | Lair:1   | Found a frozen archway.
 15125 | IceCv    | Entered an ice cave
 15131 | IceCv    | Slain by a demonic crawler simulacrum

Illustrated notes

Levels and vault maps discovered:
D:1:      minmay_arrival_four_circles, layout_loops_ring,
          dreamdust_ecumenical_altar_statues
D:2:      layout_rooms
D:3:      layout_basic, serial_shops, shop,
          nicolae_shop_competitors_out_of_business, nicolae_square_shop, shop,
          shop
D:4:      minmay_razor_zed, layout_gridville,
          yredelemnul_forgotten_temple_becter
D:5:      layout_loops_ring, trog_butcher_becter, nicolae_tso_carved_into_rock,
          nicolae_ru_path_of_blood, tgw_kikubaaqudgha, uniq_duvessa
D:6:      layout_rooms, gammafunk_ghost_grave, chequers_arboretum
D:7:      minmay_evil_eye, layout_basic, amcnicky_altar_gilded,
          mainiacjoe_overflow_divided_tiny, minmay_temple_entry_grid,
          uniq_crazy_yiuf_cottage, uniq_maggie, uniq_pikel
D:8:      minmay_tri_box, layout_loops_ring, lair_entry_dummy, serial_bayou,
          serial_bayou_shore_b, serial_bayou_pond_d, serial_bayou_pond_b,
          serial_bayou_pond_b, serial_bayou_lagoon_a, kb_lookout_dungeons_type,
          st_stairs_9, nicolae_stop_n_shop_1, minmay_shop_grid_forest
Temple:   jpeg_temple_clearing
Lair:1:   layout_long_grid, portal_ice_cave_entry_ice_simulacra,
          lemuel_oklob_altar, serial_bayou_shore_a, uniq_gastronok
IceCv:    ice_cave_hellmonk_azure_passage

Skill      XL: |  1  2  3  4  5  6  7  8  9 10 11 |
---------------+----------------------------------+-----
Fighting       | 4 5 6 7 8 10 12 | 12.0
Unarmed Combat | 4 5 7 8 10 11 | 11.3
Invocations    | 3 4 5 |  5.0
Spellcasting   | 1 2 |  2.0
Ice Magic      | 2 4 5 |  5.0
Armour         | 5 |  5.0
Translocations | 1 4 |  4.0
Transmutations | 1 |  1.0
Dodging        | |  2.8
Stealth        | |  1.5

Action                   |  1- 3 |  4- 6 |  7- 9 | 10-12 || total
-------------------------+-------+-------+-------+-------++-------
Melee: Unarmed           |   145 |   146 |   350 |   199 ||   840
       Punch             |     2 |     3 |    22 |    18 ||    45
Throw: Boomerang         |       |     7 |       |       ||     7
       Dart              |       |     3 |     8 |       ||    11
 Cast: Ozocubu's Armour  |       |       |    21 |    25 ||    46
Invok: Convert to Beogh  |       |     1 |       |       ||     1
       Smiting           |       |       |       |     4 ||     4
Evoke: Wand              |       |     2 |     7 |    12 ||    21
  Use: Scroll            |       |       |     8 |     6 ||    14
       Potion            |       |       |       |     3 ||     3
 Stab: Sleeping          |     4 |     3 |     1 |     1 ||     9
       Paralysed         |       |       |    14 |       ||    14
       Distracted        |       |       |       |     1 ||     1
Armor: Robe              |    32 |     7 |    52 |    51 ||   142
       Leather armour    |       |    25 |    25 |       ||    50
Dodge: Dodged            |   104 |    98 |   198 |    83 ||   483

Table legend: (Time is in decaauts)
 A = Elapsed time spent in this place.
 B = Non-inter-level travel time spent in this place.
 C = Inter-level travel time spent in this place.
 D = Time resting spent in this place.
 E = Time spent auto-exploring this place.
 F = Levels seen in this place.
 G = Mean time per level.
                   A        B        C        D        E       F      G
               +--------+--------+--------+--------+--------+-----+--------+
         Total |  15050 |  13564 |   1486 |   5968 |   4624 |  11 | 1368.2 |
       Dungeon |  14792 |  13306 |   1486 |   5802 |   4624 |   8 | 1849.0 |
        Temple |    238 |    238 |      0 |    166 |      0 |   1 |  238.0 |
          Lair |     14 |     14 |      0 |      0 |      0 |   1 |   14.0 |
      Ice Cave |      5 |      5 |      0 |      0 |      0 |   1 |    5.0 |
               +--------+--------+--------+--------+--------+-----+--------+

Top non-repeatable levels by time:
     D:8: 3333 daAuts
     D:4: 2201 daAuts
     D:7: 2193 daAuts
     D:5: 2103 daAuts
     D:6: 1294 daAuts
     D:3: 1282 daAuts
     D:2: 1279 daAuts
     D:1: 1105 daAuts
  Temple: 238 daAuts
  Lair:1: 14 daAuts
   IceCv: 5 daAuts
